 Dungeon Crawl Stone Soup version 0.21-a0-157-gb89e0e2 (webtiles) character file.

13 Goblin1989 the Sneak (level 2, 0/14 HPs)
             Began as a Spriggan Assassin on Aug 4, 2017.
             Succumbed to a worker ant's poison
             ... on level 5 of the Dungeon.
             The game lasted 00:05:10 (638 turns).

Goblin1989 the Sneak (Spriggan Assassin)             Turns: 638, Time: 00:05:11

Health: 0/14       AC:  3    Str:  7    XL:     2   Next: 24%
Magic:  3/3        EV: 17    Int: 17    God:
Gold:   14         SH:  0    Dex: 17    Spells: 1/1 levels left

rFire    . . .     SeeInvis +   a - +2 dagger
rCold    . . .     Gourm    .   (shield restricted)
rNeg     . . .     Faith    .   c - +0 robe
rPois    .         Spirit   .   (helmet restricted)
rElec    .         Reflect  .   d - +0 cloak
rCorr    .         Harm     .   (gloves unavailable)
MR       .....                  (boots unavailable)
Stlth    ++++......             (no amulet)
HPRegen  0.04/turn              (no ring)
MPRegen  0.08/turn              (no ring)

@: brilliant, lethally poisoned (0 -> -8), flying, very quick
A: unfitting armour, see invisible, herbivore 3, speed 3, slow metabolism 2
a: no special abilities


You were on level 5 of the Dungeon.
You were not hungry.

You visited 1 branch of the dungeon, and saw 5 of its levels.

You collected 14 gold pieces.

Inventory:

Hand Weapons
 a - a +2 dagger (weapon)
 w - a +0 blowgun {@w1}
 G - a cursed -2 dagger
 J - a +0 long sword
 M - a +0 spear
Missiles
 f - 2 curare-tipped needles
 g - 8 poisoned needles
 x - 23 sling bullets
 D - 4 stones (quivered)
 F - 26 bolts
Armour
 c - a +0 robe (worn)
 d - a +0 cloak (worn)
 z - a +0 ring mail
 A - a +0 leather armour
 C - a +0 ring mail
Scrolls
 y - a scroll of teleportation {unknown}
 B - a scroll of random uselessness {unknown}
 I - a scroll of fog {unknown}
Comestibles
 e - a bread ration {@e1}
 E - a meat ration {@e2}
 L - a royal jelly


   Skills:
 - Level 1.5 Fighting
 - Level 2.1 Short Blades
 - Level 2.0 Throwing
 - Level 1.5 Dodging
 + Level 6.8 Stealth


You had one spell level left.
You didn't know any spells.

Dungeon Overview and Level Annotations

Branches:
Dungeon (5/15)
 Temple: D:4-7

Altars:

Annotations:
D:2 Sigmund
D:5 Menkaure


Innate Abilities, Weirdness & Mutations

You are very small and have problems with some larger weapons.
You are too small for most types of armour.
You have supernaturally acute eyesight. (SInv)
You are a herbivore.
You cover ground extremely quickly.
You need consume almost no food.


Message History

A jackal comes into view.
The jackal barks!
Found a stone staircase leading down.
There is a stone staircase leading down here.
You climb downwards.
A quokka comes into view.
Found a stone staircase leading down.
There is a stone staircase leading up here.
The quokka closely misses you. The quokka misses you. The quokka misses you.
You see here a dagger.
G - a dagger The quokka barely misses you.
There is a stone staircase leading down here.
You climb downwards.
A worker ant, a scorpion and a centaur come into view.
The worker ant twitches its antennae in your direction.
There is a stone staircase leading up here.
You climb upwards.
The quokka completely misses you. The quokka closely misses you.
There is a stone staircase leading down here.
You see here a metallic golden potion.
H - a metallic golden potion
There is a stone staircase leading up here.
You hit the quokka but do no damage. The quokka barely misses you.
The quokka bites you.
You take 2 damage, and have 12/14 hp.
The quokka closely misses you.
A worm comes into view.
You see here a scroll labeled UKYFFIZAAS.
I - a scroll labeled UKYFFIZAAS You see here a long sword.
J - a long sword The quokka twitches its whiskers.
The quokka twitches its whiskers.
A quokka comes into view.
Health restored: 14 You see here a sedimented brown potion.
K - a sedimented brown potion An ogre comes into view.
It is wielding a giant spiked club.
You see here a royal jelly.
L - a royal jelly You see here a spear.
M - a spear A worm comes into view.
The helpless worm fails to defend itself.
You impale the worm!!
You kill the worm!
Unknown command.
You see here a worm corpse.
A jackal comes into view.
Unknown command.
There is a stone staircase leading down here.
You climb downwards.
The worker ant closely misses you. The worker ant bites you!
Ouch! That really hurt!
You are lethally poisoned!
The worker ant poisons you!
There is a stone staircase leading up here.
You take 7 damage, and have 7/14 hp.
MASSIVE DAMAGE!!
* * * LOW HITPOINT WARNING * * *
You feel sick.
You take 1 damage, and have 6/14 hp.
A worker ant zombie comes into view.
* * * LOW HITPOINT WARNING * * *
You feel sick.
You take 1 damage, and have 5/14 hp.
Unknown command.
* * * LOW HITPOINT WARNING * * *
You feel sick.
* * * LOW HITPOINT WARNING * * *
You feel sick.
You take 1 damage, and have 4/14 hp.
It was a potion of brilliance.
You feel clever all of a sudden.
It was a potion of flight.
You feel very buoyant.
You fly up into the air.
* * * LOW HITPOINT WARNING * * *
You feel sick. The worker ant barely misses you.
You take 1 damage, and have 3/14 hp.
The worker ant waves its antennae.
* * * LOW HITPOINT WARNING * * *
You feel sick.
You take 1 damage, and have 2/14 hp.
Marking area around Menkaure as unsafe for travelling.
Menkaure, Prince of Dust comes into view.
* * * LOW HITPOINT WARNING * * *
You feel sick.
You take 1 damage, and have 1/14 hp.
Menkaure shouts!
You hit Menkaure.
Menkaure is lightly damaged.
Menkaure closely misses you.
Unknown command.
You hit Menkaure.
Menkaure is lightly damaged.
You hit Menkaure but do no damage.
Menkaure is lightly damaged.
You die...

███..█ █.. .Z..█
█.█ █...█ █.█
█...█ █.█ █...█
█.█████Z..█
█.█.Z.....█
█M█.████..█
█@█.█.....█
█a█a█s...<█
█.█.█.....█
██████.█.█c....█
......$...█.....█
█████...........█
.....████.......
..... █......█
█..██. █......█


You could see Menkaure and a worker ant.

Vanquished Creatures
  An adder (D:2)
  A worm (D:4)
  A kobold (D:3)
3 creatures vanquished.

Notes
Turn   | Place    | Note
-------+----------+-------------------------------------------
     0 | D:1      | Goblin1989 the Spriggan Assassin began the quest for the Orb.
     0 | D:1      | Reached XP level 1. HP: 10/10 MP: 2/2
   128 | D:2      | Reached skill level 6 in Stealth
   128 | D:2      | Reached XP level 2. HP: 14/14 MP: 3/3
   325 | D:2      | Noticed Sigmund
   457 | D:5      | Entered Level 5 of the Dungeon
   457 | D:5      | Noticed a scorpion
   457 | D:5      | Noticed a centaur
   558 | D:4      | Noticed an ogre
   631 | D:5      | Noticed Menkaure
   638 | D:5      | Succumbed to a worker ant's poison

Vault maps used:
D:1:      eino_arrival_tree_alley
D:2:      nicolae_ru_awakened_eye, lemuel_coloured_pillars_altar,
          grunt_qazlal_sundering, nicolae_gozag_seed_capital, uniq_sigmund
D:3:      chequers_ecumenical_altar_lobes, first_bread
D:5:      nicolae_overflow_crystal_walls, kennysheep_generic_room_9,
          uniq_menkaure, uniq_prince_ribbit1

Skill      XL: |  1 |
---------------+----+-----
Stealth        | 6 |  6.8
Fighting       | |  1.5
Short Blades   | |  2.1
Throwing       | |  2.0
Dodging        | |  1.5

Action                   || total
-------------------------++-------
Melee: Dagger            ||     7
 Fire: Blowgun           ||     2
  Use: Potion            ||     2
 Stab: Sleeping          ||     2
Dodge: Dodged            ||    13

Vault maps used:
D:1:      eino_arrival_tree_alley
D:2:      nicolae_ru_awakened_eye, lemuel_coloured_pillars_altar,
          grunt_qazlal_sundering, nicolae_gozag_seed_capital, uniq_sigmund
D:3:      chequers_ecumenical_altar_lobes, first_bread
D:5:      nicolae_overflow_crystal_walls, kennysheep_generic_room_9,
          uniq_menkaure, uniq_prince_ribbit1
